 Dungeon Crawl Stone Soup version 0.25-a0-1024-gbfbf38f2cb (webtiles) character file.

Game seed: 2728688496425462299, levelgen mode: classic

53 Amnesiac the Twirler (level 3, -6/21 HPs)
             Began as a Deep Elf Gladiator on May 12, 2020.
             Killed by nerve-wracking pain
             ... invoked by a shadow imp
             ... summoned by Natasha
              (11 damage)
             ... on level 2 of the Dungeon.
             The game lasted 00:02:54 (1625 turns).

Amnesiac the Twirler (Deep Elf Gladiator)           Turns: 1625, Time: 00:02:54

Health: -6/21      AC:  5    Str: 12    XL:     3   Next: 62%
Magic:  5/5        EV: 14    Int: 12    God:
Gold:   64         SH:  0    Dex: 16    Spells: 2/2 levels left

rFire    . . .     SeeInvis .   b - +1 whip (elec)
rCold    . . .     Gourm    .   (no shield)
rNeg     . . .     Faith    .   m - +0 leather armour
rPois    .         Spirit   .   c - +0 helmet
rElec    .         Reflect  .   n - +0 cloak
rCorr    .         Harm     .   (no gloves)
MR       .....                  (no boots)
Stlth    +.........             (no amulet)
HPRegen  0.07/turn              (no ring)
MPRegen  0.09/turn              (no ring)

@: no status effects
A: no striking features
a: no special abilities


You were on level 2 of the Dungeon.
You were not hungry.

You visited 1 branch of the dungeon, and saw 2 of its levels.

You collected 64 gold pieces.

Inventory:

Hand Weapons
 a - a +0 quarterstaff
 b - a +1 whip of electrocution (weapon)
Missiles
 d - 3 throwing nets
 i - 22 poisoned darts (quivered)
 o - 14 arrows
 p - 10 boomerangs
Armour
 c - a +0 helmet (worn)
 m - a +0 leather armour (worn)
 n - a +0 cloak (worn)
Scrolls
 e - a scroll of enchant armour {!r, unknown}
 h - 4 scrolls of remove curse {!r, unknown}
 j - 2 scrolls of identify {!r, unknown}
 k - a scroll of noise {!r, unknown}
 q - a scroll of fear {!r, unknown}
Potions
 g - a potion of lignification {!q, unknown}
 l - 2 potions of ambrosia {!q, unknown}
Comestibles
 f - 6 rations


   Skills:
 - Level 2.0 Fighting
 * Level 4.2 Staves
 - Level 2.0 Throwing
 + Level 4.0 Dodging


You had 2 spell levels left.
You didn't know any spells.
Your spell library was empty.

Dungeon Overview and Level Annotations

Branches:
Dungeon (2/15)

Altars:
Nemelex Xobeh

Annotations:
D:2 Natasha


Message History

Found 20 stones.
Found a ration.
Found a stone staircase leading down.
n - a cloak You start putting on your armour.
You continue putting on your cloak. x4
You finish putting on your +0 cloak.
f - 5 rations (gained 1)
You now have 51 gold pieces (gained 2).
f - 6 rations (gained 1)
You now have 63 gold pieces (gained 12).
You see here a flail.
You now have 64 gold pieces (gained 1).
You see here a flail.
A kobold comes into view. It is wielding a +0 short sword.
A kobold is nearby!
Throwing (i - inventory. (/) - cycle)
i - 24 poisoned darts (quivered)
Press: ? - help, Shift-Dir - straight line, f - kobold
Aim: a kobold, wielding a +0 short sword (asleep)
You throw a poisoned dart. The poisoned dart hits the kobold.
The kobold is poisoned.
The kobold shouts!
You kill the kobold!
You see here a +0 short sword.
i - 24 poisoned darts (gained 1) Natasha, Servant of Life and Death comes into view.
Natasha hisses angrily.
Natasha is nearby!
Natasha is nearby!
Throwing (i - inventory. (/) - cycle)
i - 24 poisoned darts (quivered)
Press: ? - help, Shift-Dir - straight line, f - Natasha
Aim: Natasha You throw a poisoned dart.
The poisoned dart closely misses Natasha.
Throwing (i - inventory. (/) - cycle)
i - 23 poisoned darts (quivered)
Press: ? - help, Shift-Dir - straight line, f/p - Natasha
Aim: Natasha You throw a poisoned dart.
The poisoned dart hits Natasha.
Natasha is poisoned.
You closely miss Natasha.
Natasha is lightly wounded.
Natasha claws you.
You closely miss Natasha.
Natasha is lightly wounded.
Natasha claws you.
You hit Natasha.
Natasha is heavily wounded.
Natasha claws you but does no damage.
You hit Natasha but do no damage.
Natasha is heavily wounded.
Natasha claws you.
Your leather armour prevents you from hitting Natasha.
Natasha is heavily wounded.
Natasha casts a spell.
You closely miss Natasha.
Natasha is heavily wounded.
Natasha looks more healthy.
Natasha claws you.
* * * LOW HITPOINT WARNING * * *
You hit Natasha.
Natasha is severely wounded.
Natasha claws you.
* * * LOW HITPOINT WARNING * * *
The shadow imp gestures at you. Pain shoots through your body!
Ouch! That really hurt!
You die...

#........>........# ....
#....##...#.####...######
#....##..................
#....##..##.######.######
#....##..##.### #..# #
#....#........#####.#####
######..5.(..............
#...h....#####..####
#..@.....# #......#
#(.......# #......#
##############.######
#......#
#..............)...#
#......#
##.###########.###<#
#.รท....# #.#
#.......#####......# #.#
#.......+........... #)#
#####...[...#####......#
#.# #...........#
######..


You could see Natasha and a shadow imp (summoned).

Vanquished Creatures
  Natasha (D:2)
  A giant cockroach (D:1)
  3 goblins
  A hobgoblin (D:2)
  3 jackals (D:1)
  5 ball pythons
  A bat (D:1)
  3 frilled lizards
  6 kobolds
  6 rats
30 creatures vanquished.

Notes
Turn   | Place    | Note
-------+----------+-------------------------------------------
     0 | D:1      | Amnesiac the Deep Elf Gladiator began the quest for the
                  | Orb.
     0 | D:1      | Reached XP level 1. HP: 12/12 MP: 3/3
   392 | D:1      | Reached XP level 2. HP: 17/17 MP: 4/4
  1170 | D:2      | Noticed Natasha
  1184 | D:2      | Noticed a crimson imp
  1184 | D:2      | Killed Natasha
  1184 | D:2      | Reached XP level 3. HP: 4/21 MP: 5/5
  1420 | D:2      | Found a sparkling altar of Nemelex Xobeh.
  1615 | D:2      | Noticed Natasha
  1625 | D:2      | Killed from afar by a shadow imp

Illustrated notes

Levels and vault maps discovered:
D:1:      psy_arrival_whirlpool, layout_basic
D:2:      layout_basic, marbit_many_paths, first_ration, wad_floor_pattern_1,
          uniq_natasha

Skill      XL: |  1  2 |
---------------+-------+-----
Fighting       | 2 |  2.0
Staves         | 4 |  4.2
Dodging        | 4 |  4.0
Throwing       | |  2.0

Action                   || total
-------------------------++-------
Melee: Quarterstaff      ||    52
       Whip              ||    20
Throw: Dart              ||    21
 Stab: Sleeping          ||     1
  Eat: Chunk             ||     2
Armor: Leather armour    ||    16
Dodge: Dodged            ||    50

Table legend:
 A = Non-vault XP
 B = Vault XP
 C = Vault XP percentage of total XP
 D = Non-vault monster count
 E = Vault monster count
 F = Vault count percentage of total count
                 A         B        C        D         E       F
            +---------+---------+-------+---------+---------+-------
      Total |      40 |      36 |  47.4 |      28 |       2 |   6.7
            +---------+---------+-------+---------+---------+-------
        D:1 |      21 |       0 |   0.0 |      15 |       0 |   0.0
        D:2 |      19 |      36 |  65.5 |      13 |       2 |  13.3
            +---------+---------+-------+---------+---------+-------
